 Dungeon Crawl Stone Soup version 0.25.0-26-g0c896c7088 (webtiles) character file.

Game seed: 4432752991904392406

613 EriolAelfwine the Ruffian (level 7, 0/60 HPs)
             Began as a Ghoul Monk on June 30, 2020.
             Slain by an orc wizard
             ... wielding a +0 dagger
              (2 damage)
             ... on level 4 of the Dungeon.
             The game lasted 00:09:30 (4701 turns).

EriolAelfwine the Ruffian (Ghoul Monk)              Turns: 4701, Time: 00:09:30

Health: 0/60       AC:  8    Str: 23    XL:     7   Next: 44%
Magic:  6/6        EV:  9    Int:  5    God:
Gold:   343        SH:  9    Dex: 11    Spells: 6/6 levels left

rFire    . . .     SeeInvis .     - Unarmed
rCold    + . .     Gourm    .   d - +0 kite shield
rNeg     + + +     Faith    .   q - +0 scale mail
rPois    ∞         Spirit   .   m - +2 hat
rElec    .         Reflect  .   (no cloak)
rCorr    .         Harm     .   (no gloves)
MR       .....                  (no boots)
Stlth    ..........             (no amulet)
HPRegen  0.00/turn              f - +6 ring of strength
MPRegen  0.10/turn              n - ring of wizardry

@: rotting
A: rotting body, claws 1, carnivore, cold resistance 1, negative energy
resistance 3, inhibited regeneration, torment resistance, unbreathing
a: no special abilities


You were on level 4 of the Dungeon.
You were not hungry.

You visited 1 branch of the dungeon, and saw 4 of its levels.

You collected 343 gold pieces.

Inventory:

Missiles
 j - 9 poisoned darts (quivered)
Armour
 d - a +0 kite shield (worn)
 m - a +2 hat (worn)
 q - a +0 scale mail (worn)
Jewellery
 f - a +6 ring of strength (left claw)
 g - an uncursed ring of fire
 n - a ring of wizardry (right claw)
Wands
 e - a wand of polymorph (8)
 k - a wand of digging (5)
Scrolls
 h - 2 scrolls of magic mapping
 l - 3 scrolls of remove curse
Potions
 a - a potion of cancellation
 i - 2 potions of curing
 p - a potion of flight
 r - a potion of haste
Comestibles
 b - 7 rations


   Skills:
 + Level 4.9 Fighting
 + Level 1.6 Armour
 + Level 4.0 Dodging
 - Level 2.1 Stealth
 + Level 2.7 Shields
 * Level 6.1 Unarmed Combat


You had 6 spell levels left.
You didn't know any spells.
Your spell library contained the following spells:

 Spells                   Type           Power        Failure   Level  Hunger
 Magic Dart               Conj           #...         92%         1    ##.....


Dungeon Overview and Level Annotations

Branches:
Dungeon (4/15)
 Temple: D:4-7

Altars:
Kikubaaqudgha
Sif Muna
Vehumet

Shops:
D:4 *(*


Innate Abilities, Weirdness & Mutations

Your body is rotting away.
You thrive on raw meat.
You are immune to poison.
You have sharp fingernails.
You are carnivorous and can eat meat at any time.
Your flesh is cold resistant. (rC+)
You are immune to negative energy. (rN+++)
You do not regenerate when monsters are visible.
You are immune to unholy pain and torment.
You can survive without breathing.


Message History

You hear some strange, mumbled words.
The orc wizard hits you with a +0 dagger.
* * * LOW HITPOINT WARNING * * *
You block the orc's attack.
A puff of frost appears from out of thin air!
You block the puff of frost. You block the orc wizard's attack.
The orc throws a stone.
The stone barely misses you. The orc wizard barely misses you.
The orc wizard casts a cantrip, but nothing happens.
You see here a stone.
The orc wizard gestures at you while chanting.
The puff of frost hits you. You resist.
* * * LOW HITPOINT WARNING * * *
Okay, then.
The orc wizard gestures at you while chanting.
The magic dart hits you.
* * * LOW HITPOINT WARNING * * *
The orc wizard is no longer moving quickly.
The orc wizard hits you with a +0 dagger.
You die...

,* #.........#######..).... ,*
#...............(....... ,*
#....................... ,*
#................##'#### ,*
#................#...... ,*
#................#...... ,*
#................#...... ,*
#................#......
,***######.....o@.........####...
**,,#.......o#'######+#......##'#
,,,,#........#....#...#......#.^.
,,,,+......(.#....#...#......#...
,,,,#........#....#...'......#...
,,,,#......oo#....#...#...∩..#...
****#........#'####...#......#...
,,**#######......##...#......####
,,,,,,,,,,#.[....'....#..........


You could see an orc wizard and an orc.

Vanquished Creatures
  Eustachio (D:4)
  A centaur (D:4)
  The ghost of KleinerIrrer the Firebug, an amateur DsFE (D:3)
  An orc priest (D:3)
  Natasha (twice) (D:2)
  2 worker ants (D:4)
  A centaur simulacrum (D:3)
  3 gnolls (D:4)
  A howler monkey skeleton (D:4)
  5 adders
  A white imp (D:3)
  An ooze (D:4)
  2 worms (D:3)
  A dart slug (D:1)
  2 adder simulacra (D:3)
  A leopard gecko (D:3)
  6 orcs
  5 bats
  5 giant cockroaches
  6 goblins
  9 hobgoblins
  10 kobolds
  2 quokkas
  A ball python simulacrum (D:3)
  5 frilled lizards
  A giant cockroach simulacrum (D:3)
  10 rats
86 creatures vanquished.

Notes
Turn   | Place    | Note
-------+----------+-------------------------------------------
     0 | D:1      | EriolAelfwine the Ghoul Monk began the quest for the Orb.
     0 | D:1      | Reached XP level 1. HP: 19/19 MP: 0/0
   457 | D:1      | Reached XP level 2. HP: 26/26 MP: 1/1
   947 | D:1      | Reached XP level 3. HP: 31/31 MP: 2/2
  1210 | D:2      | Noticed Natasha
  1213 | D:2      | Reached skill level 4 in Unarmed Combat
  1224 | D:2      | Killed Natasha
  1224 | D:2      | Reached skill level 1 in Shields
  1224 | D:2      | Reached XP level 4. HP: 24/40 MP: 3/3
  1491 | D:2      | Noticed Natasha
  1504 | D:2      | Killed Natasha
  2382 | D:2      | Found an ancient bone altar of Kikubaaqudgha.
  2383 | D:2      | Found a shimmering blue altar of Sif Muna.
  2385 | D:2      | Found a radiant altar of Vehumet.
  2389 | D:2      | Identified Vehumet's Disquisition on Conjuration
  2568 | D:2      | Reached XP level 5. HP: 44/44 MP: 4/4
  2812 | D:3      | Noticed KleinerIrrer's ghost (amateur DsFE)
  3007 | D:3      | Found a runed translucent gate.
  3007 | D:3      | Found a runed translucent gate.
  3007 | D:3      | Found a runed translucent gate.
  3095 | D:3      | Reached skill level 5 in Unarmed Combat
  3881 | D:3      | Killed KleinerIrrer's ghost
  3881 | D:3      | Reached XP level 6. HP: 42/52 MP: 5/5
  4019 | D:4      | Found Esinag's Antique Weapon Emporium.
  4117 | D:4      | Noticed Eustachio
  4175 | D:4      | Killed Eustachio
  4175 | D:4      | Reached skill level 1 in Armour
  4175 | D:4      | Reached XP level 7. HP: 54/56 MP: 6/6
  4218 | D:4      | Found Qouzxodo's Assorted Antiques.
  4432 | D:4      | Reached skill level 6 in Unarmed Combat
  4551 | D:4      | Found Hooffag's General Store.
  4699 | D:4      | HP: 2/60 [orc wizard/magic dart (3)]
  4701 | D:4      | Slain by an orc wizard

Illustrated notes

Levels and vault maps discovered:
D:1:      co_arrival_random_square_maze, layout_basic
D:2:      layout_basic, grunt_temple_overflow_magic_moments, uniq_natasha
D:3:      layout_loops_corners, gammafunk_ghost_icy
D:4:      layout_gridville, serial_shops, shop_coins, shop_coins,
          nicolae_shop_temple_entry_statues_fountains, kennysheep_little_box,
          shop, uniq_eustachio

Skill      XL: |  1  2  3  4  5  6  7 |
---------------+----------------------+-----
Dodging        | 3 4 |  4.0
Unarmed Combat | 4 5 6 |  6.1
Shields        | 1 2 |  2.7
Fighting       | 4 |  4.9
Armour         | 1 |  1.6
Stealth        | |  2.1

Action                   |  1- 3 |  4- 6 |  7- 9 || total
-------------------------+-------+-------+-------++-------
Melee: Unarmed           |    77 |   201 |    43 ||   321
  Use: Scroll            |       |     8 |     1 ||     9
 Stab: Sleeping          |     1 |     1 |       ||     2
  Eat: Chunk             |     4 |     6 |     5 ||    15
Armor: Robe              |     4 |       |       ||     4
       Ring mail         |    17 |    40 |       ||    57
       Scale mail        |       |    25 |    10 ||    35
Dodge: Dodged            |    31 |    60 |    18 ||   109
Block: Kite shield       |    20 |    69 |    21 ||   110
